 Dungeon Crawl Stone Soup version 0.29.1-15-g9cfb28693d (webtiles) character file.

Game seed: 16256827569252007684

61 Heoruswealwe the Magician (level 3, -3/19 HPs)
             Began as a Deep Elf Earth Elementalist on Apr 5, 2023.
             Slain by an iguana (9 damage)
             ... on level 2 of the Dungeon.
             The game lasted 00:09:32 (1252 turns).

Heoruswealwe the Magician (DEEE)                    Turns: 1252, Time: 00:09:33

Health: -3/19      AC:  3    Str:  5    XL:     3   Next: 83%
Magic:  6/11       EV: 12    Int: 21    God:
Gold:   118        SH:  0    Dex: 15    Spells: 8/11 levels left

rFire   . . .      SeeInvis .   (no weapon)
rCold   . . .      Faith    .   (no shield)
rNeg    . . .      Spirit   .   a - +0 robe
rPois   .          Reflect  .   (no helmet)
rElec   .          Harm     .   i - +0 cloak
rCorr   .          Rampage  .   (no gloves)
Will    .....                   (no boots)
Stlth   ++........              (no amulet)
HPRegen 0.06/turn               (no ring)
MPRegen 0.12/turn               (no ring)

@: no status effects
A: no striking features
a: no special abilities


You were on level 2 of the Dungeon.
You visited 1 branch of the dungeon, and saw 2 of its levels.

You collected 118 gold pieces.

Inventory:

Armour
 a - a +0 robe (worn)
 c - a +0 robe
 i - a +0 cloak (worn)
 l - a +0 robe
Jewellery
 d - a ring of positive energy
 h - a ring of protection from cold
Scrolls
 e - a scroll of identify
 f - a scroll of magic mapping
Potions
 b - a potion of magic
 g - a potion of heal wounds
 j - a potion of might {unknown}
 k - a potion of haste {unknown}


   Skills:
 - Level 2.4 Dodging
 - Level 2.4 Stealth
 + Level 4.5 Spellcasting
 - Level 1.1 Transmutations
 + Level 4.4 Earth Magic


You had 8 spell levels left.
You knew the following spells:

 Your Spells              Type           Power      Damage    Failure   Level
a - Sandblast             Erth           46%        2d11      1%          1
z - Passwall              Tmut/Erth      13%        N/A       5%          2

Your spell library contained the following spells:

 Spells                   Type           Power      Damage    Failure   Level
 Stone Arrow              Conj/Erth      28%        3d8       14%         3
 Ensorcelled Hibernation  Hex/Ice        8%         N/A       17%         2
 Swiftness                Air            4%         N/A       34%         3
 Petrify                  Tmut/Erth      16%        N/A       36%         4


Dungeon Overview and Level Annotations

Branches:
Dungeon (2/15)

Altars:
Gozag


Message History

The dart slug is heavily wounded.
The blast of sand hits the dart slug!
You kill the dart slug!
The blast of sand hits the rat!
You kill the rat!
You see here a rat corpse.
m - a ring of fire You see here a rat corpse.
You drop a ring of fire.
As you read the scroll of identify, it crumbles to dust.
g - a potion of heal wounds You see here a ring of fire.
You see here a rat corpse.
Found a scroll of identify.
A goblin comes into view. It is wielding a +0 dagger.
You see here a scroll of identify.
e - a scroll of identify The blast of sand hits the goblin!
You kill the goblin!
You see here a +0 dagger.
Found an opulent altar of Gozag.
An iguana comes into view.
The blast of sand hits the iguana.
The iguana is lightly wounded.
The iguana hisses angrily.
The blast of sand hits the iguana.
The iguana is moderately wounded.
The iguana barely misses you.
The blast of sand hits the iguana but does no damage.
The iguana is moderately wounded.
The iguana completely misses you.
The blast of sand hits the iguana.
The iguana is heavily wounded.
The iguana bites you but does no damage.
The iguana closely misses you.
The blast of sand misses the iguana.
The iguana bites you!
The blast of sand hits the iguana.
The iguana is heavily wounded.
The iguana bites you. The iguana bites you!
You die...

#.# #.........#
#.# #.#
###.#.##.## #.#
#.# .#.# #.# #.#
#.#.# ##.## #.#
#.#.# ###.#.# #.#
#..... ##....##
#.#
#.....###..##.#
#.#
#.....l...###.#
#.# #......@..#
#.# ###.####
#......_..# #.#
#......#
#.........# #.#
#.#.##.#
####......###.#
#.#.##.#
#...####.).#
#.#.##.# ####
#.###
#.#.##.##########
#.#
#......##.......#
#.#
###.#####.#####.#
#.#


You could see an iguana.

Vanquished Creatures
  2 worms (D:2)
  4 dart slugs (D:2)
  4 ball pythons
  5 endoplasms
  4 giant cockroaches
  4 hobgoblins
  4 kobolds
  A quokka (D:1)
  4 bats
  2 frilled lizards
  6 goblins
  6 rats
46 creatures vanquished.

Vanquished Creatures (others)
  16 plants (D:1)
16 creatures vanquished.

Grand Total: 62 creatures vanquished

Notes
Turn   | Place    | Note
-------+----------+-------------------------------------------
     0 | D:1      | Heoruswealwe the Deep Elf Earth Elementalist began the
                  | quest for the Orb.
     0 | D:1      | Reached XP level 1. HP: 10/10 MP: 6/6
   324 | D:1      | Reached XP level 2. HP: 11/15 MP: 5/8
   327 | D:1      | Learned a level 2 spell: Passwall
   673 | D:1      | Learned a level 2 spell: Passwall
   697 | D:1      | You fall into a shaft and drop 1 floor!
   834 | D:2      | Reached XP level 3. HP: 19/19 MP: 5/10
  1240 | D:2      | Found an opulent altar of Gozag.
  1252 | D:2      | Slain by an iguana

Illustrated notes

Levels and vault maps discovered:
D:1:      eino_arrival_water_cross, layout_loops_ring
D:2:      layout_loops_cross, basic_altar, minmay_fractal_squares_5

Skill      XL: |  1  2 |
---------------+-------+-----
Spellcasting   | 4 |  4.5
Earth Magic    | 4 |  4.4
Dodging        | |  2.4
Stealth        | |  2.4
Transmutations | |  1.1

Action                   || total
-------------------------++-------
Melee: Unarmed           ||    79
 Cast: Sandblast         ||    67
  Use: Scroll            ||     4
Armor: Robe              ||     6
Dodge: Dodged            ||    16
